 Dungeon Crawl Stone Soup version 0.22-a0-265-g0d8bc90 (webtiles) character file.

512 emperorscorpion the Chopper (level 6, -6/58 HPs)
             Began as a Deep Dwarf Berserker on Mar 6, 2018.
             Was a Believer of Trog.
             Mangled by an ogre
             ... wielding a +0 giant spiked club
              (11 damage)
             ... on level 7 of the Dungeon.
             The game lasted 00:06:48 (520 turns).

emperorscorpion the Chopper (Deep Dwarf Berserker)   Turns: 520, Time: 00:06:48

Health: -6/58      AC:  5    Str: 20 (23) XL:     6   Next: 99%
Magic:  6/6        EV: 18    Int:  5 (7)  God:    Trog [**....]
Gold:   92         SH:  0    Dex: 18 (21) Spells: 5/5 levels left

rFire    + . .     SeeInvis .   a - +0 hand axe
rCold    + . .     Gourm    .   (no shield)
rNeg     . . .     Faith    .   i - +0 ring mail
rPois    +         Spirit   .   (no helmet)
rElec    +         Reflect  .   (no cloak)
rCorr    +         Harm     .   (no gloves)
MR       .....                  (no boots)
Stlth    ++........             (no amulet)
HPRegen  0.00/turn              e - +4 ring of dexterity
MPRegen  0.10/turn              (no ring)

@: agile, resistant, berserk cooldown, non-regenerating, slowed, very slow
A: damage resistance, heal wounds, sense surroundings 1, no regeneration
a: Heal Wounds, Berserk, Trog's Hand, Renounce Religion


You were on level 7 of the Dungeon.
You worshipped Trog.
Trog was pleased with you.
You were not hungry.

You visited 1 branch of the dungeon, and saw 7 of its levels.

You collected 92 gold pieces.

Inventory:

Hand Weapons
 a - a +0 hand axe (weapon)
Missiles
 k - 10 poisoned needles
Armour
 b - a +0 animal skin
 i - a +0 ring mail (worn)
Jewellery
 e - a +4 ring of dexterity (left hand)
Wands
 d - a wand of random effects (33)
 m - a wand of polymorph (11)
Scrolls
 h - 2 scrolls of enchant weapon {unknown}
 j - a scroll of identify {unknown}
 n - a scroll of magic mapping {unknown}
Potions
 l - a potion of resistance
Comestibles
 c - 2 rations


   Skills:
 + Level 4.6 Fighting
 + Level 6.0 Axes
 + Level 3.3 Armour
 + Level 3.5 Dodging
 + Level 0.1 Stealth
 + Level 1.8 Evocations


You had 5 spell levels left.
You didn't know any spells.

Dungeon Overview and Level Annotations

Branches:
Dungeon (7/15)
 Temple: D:4-7

Altars:
Cheibriados
Qazlal

Annotations:
D:6 Dowan, Duvessa


Innate Abilities, Weirdness & Mutations

You are resistant to damage.
You can heal yourself by infusing magical energy.
You passively map a small area around you.
You do not regenerate.


Message History

You feel yourself slow down.
Found 16 arrows.
You eat one of the 3 rations.
That ration really hit the spot!
You're still recovering from your berserk rage.
Okay, then.
It was a potion of agility.
You feel agile all of a sudden.
Okay, then.
You start resting.
Magic restored.
You start waiting.
An ogre comes into view. It is wielding a giant spiked club.
Found a metallic brown potion and a scroll labeled PIGUGH ILIEBYN.
It was a potion of degeneration.
There was something very wrong with that liquid.
You feel weakened.
You feel dopey.
You feel clumsy.
It was a potion of resistance.
You feel protected.
The ogre hits you with a giant spiked club!
You die...

##.#..####.#,, *
,#..#..# * *
##.#..####.# #
#...<......#.# ,
#.####.#######.#
#..............#
, ,
#####....(.!...#
#....O.....###
#.....@.......
#.........###.
#.........#
#...?.....# ,
########### * ,
* , ,


You could see an ogre.

Vanquished Creatures
  A black bear (D:6)
  An ogre (D:6)
  3 scorpions
  A water moccasin skeleton (D:6)
  A crimson imp (D:6)
  A hound (D:6)
  An iguana (D:4)
  3 adders
  A shadow imp (D:6)
  An adder skeleton (D:4)
  A leopard gecko (D:2)
  2 orcs
  2 giant cockroaches (D:2)
  3 hobgoblins
  4 jackals (D:3)
  A kobold (D:2)
  A bat (D:3)
  A rat (D:3)
29 creatures vanquished.

Notes
Turn   | Place    | Note
-------+----------+-------------------------------------------
     0 | D:1      | emperorscorpion the Deep Dwarf Berserker began the quest for the Orb.
     0 | D:1      | Reached XP level 1. HP: 20/20 MP: 1/1
    43 | D:2      | Reached XP level 2. HP: 27/27 MP: 2/2
   133 | D:3      | Reached XP level 3. HP: 17/34 MP: 3/3
   175 | D:3      | Found a snail-covered altar of Cheibriados.
   177 | D:3      | Reached skill level 4 in Axes
   293 | D:5      | Entered Level 5 of the Dungeon
   296 | D:4      | Noticed a scorpion
   310 | D:4      | Killed a scorpion
   310 | D:4      | Reached XP level 4. HP: 34/44 MP: 3/3
   377 | D:5      | Reached XP level 5. HP: 39/50 MP: 4/4
   384 | D:5      | Noticed Sigmund
   391 | D:5      | Noticed Sigmund
   391 | D:5      | Sigmund changed into Sigmund the scorpion
   408 | D:5      | Killed Sigmund the scorpion
   408 | D:5      | Reached skill level 5 in Axes
   420 | D:6      | Noticed a black bear
   426 | D:6      | Killed a black bear
   426 | D:6      | Reached XP level 6. HP: 34/57 MP: 5/5
   429 | D:6      | Reached ** piety under Trog
   470 | D:7      | Found a stormy altar of Qazlal.
   493 | D:6      | Noticed Duvessa
   496 | D:6      | Reached skill level 6 in Axes
   498 | D:6      | Noticed Dowan
   502 | D:6      | Reached skill level 1 in Evocations
   520 | D:7      | Mangled by an ogre

Vault maps used:
D:1:      tarquinn_simple_flora_water_a
D:2:      lemuel_coloured_pillars_altar
D:3:      okawaru_metal_pillars_1_2, led_xom_imps, cheibriados_altar_1
D:4:      first_ration
D:5:      minmay_temple_entry_nine_rooms, st_stairs_5, chei_slow_surprise,
          uniq_grinder, uniq_sigmund, uniq_menkaure
D:6:      marbit_many_paths, tgw_trog, kennysheep_little_box, uniq_duvessa
D:7:      minmay_flawed_box, grunt_qazlal_clouds, serial_shops, shop,
          serial_glass, glass_columns_a, glass_columns_b

Skill      XL: |  1  2  3  4  5  6 |
---------------+-------------------+-----
Fighting       | 3 4 |  4.6
Axes           | 4 5 6 |  6.0
Dodging        | 3 |  3.5
Armour         | 3 |  3.3
Evocations     | 1 |  1.8
Stealth        | |  0.1

Action                   |  1- 3 |  4- 6 || total
-------------------------+-------+-------++-------
Melee: Hand axe          |    43 |    56 ||    99
Invok: Berserk           |     4 |     3 ||     7
 Abil: Heal Wounds       |     1 |       ||     1
Evoke: Wand              |       |     2 ||     2
  Use: Potion            |       |     4 ||     4
 Stab: Sleeping          |     1 |       ||     1
  Eat: Chunk             |     1 |     3 ||     4
       Ration            |       |     1 ||     1
Armor: Animal skin       |     3 |       ||     3
       Ring mail         |       |    14 ||    14
Dodge: Dodged            |    28 |    35 ||    63

Table legend:
 A = Spawn XP
 B = Non-spawn XP
 C = Spawn XP percentage of total XP
 D = Spawn monster count
 E = Non-spawn monster count
 F = Spawn count percentage of total count
 G = Total turns spent on level
                    A         B        C        D         E        F      G
               +---------+---------+-------+---------+---------+-------+---------
         Total |       0 |     732 |   0.0 |       0 |      29 |   0.0 |   520
               +---------+---------+-------+---------+---------+-------+---------
           D:2 |       0 |      37 |   0.0 |       0 |       7 |   0.0 |    74
           D:3 |       0 |      17 |   0.0 |       0 |       9 |   0.0 |    84
           D:4 |       0 |     113 |   0.0 |       0 |       3 |   0.0 |   132
           D:5 |       0 |     140 |   0.0 |       0 |       3 |   0.0 |    86
           D:6 |       0 |     425 |   0.0 |       0 |       7 |   0.0 |    72
               +---------+---------+-------+---------+---------+-------+---------
